 Dungeon Crawl Stone Soup version 0.18.1-48-g4cf74bf (webtiles) character file.

53 rlgrobin the Cudgeler (level 3, -5/37 HPs)
             Began as a Troll Berserker on Sept 2, 2016.
             Was a Believer of Trog.
             Slain by a gnoll
             ... wielding a +0 spear
              (10 damage)
             ... on level 2 of the Dungeon.
             The game lasted 00:10:04 (1413 turns).

rlgrobin the Cudgeler (Troll Berserker)             Turns: 1413, Time: 00:10:05

Health: -5/37      AC:  5    Str: 26    XL:     3   Next: 64%
Magic:  2/2        EV: 10    Int:  3    God:    Trog [**....]
Gold:   14         SH:  0    Dex:  9    Spells: 0 memorised, 2 levels left

rFire  . . .     SeeInvis .     a - +0 mace
rCold  . . .     Gourm    +     b - +0 animal skin
rNeg   . . .     Faith    .     (no shield)
rPois  .         Spirit   .     (helmet restricted)
rElec  .         Dismiss  .     (no cloak)
rCorr  .         Reflect  .     (gloves unavailable)
SustAt .         Harm     .     (boots unavailable)
MR     .....                    (no amulet)
Stlth  +.........               (no ring)
                                (no ring)

@: not resistant to hostile enchantments, very unstealthy
A: unfitting armour, claws 3, fast metabolism 3, gourmand, regeneration 2,
shaggy fur 1, tough skin 2
a: Berserk, Trog's Hand, Burn Spellbooks, Renounce Religion


You were on level 2 of the Dungeon.
You worshipped Trog.
Trog was pleased with you.
You were near starving.

You visited 1 branch of the dungeon, and saw 2 of its levels.

You collected 14 gold pieces.


Innate Abilities, Weirdness & Mutations

You are too large for most types of armour.
You have claws for hands.
Your metabolism is lightning-fast.
You like to eat raw meat.
You heal very quickly.
You are covered in fur (AC +1).
You have very tough skin (AC +2).


   Skills:
 + Level 3.0 Fighting
 + Level 3.2 Maces & Flails
 + Level 2.9 Dodging


You had 2 spell levels left.
You didn't know any spells.

Inventory:

Hand Weapons
 a - a +0 mace (weapon)
 i - a +0 mace
Armour
 b - a +0 animal skin (worn)
Potions
 e - 2 potions of agility {unknown}
 h - a potion of lignification {unknown}
Comestibles
 c - a bread ration

Dungeon Overview and Level Annotations

Branches:
Dungeon (2/15)

Altars:

▒.....▒▒.▒▒.....▒ ▒.▒
▒.▒▒▒.▒▒.▒▒▒..▒.▒▒▒.▒
▒.▒ ▒.........>.....▒
▒.▒▒▒.▒▒▒▒▒▒.▒▒▒▒▒▒▒▒
▒.....▒ ▒.▒ ▒▒▒▒▒▒▒
▒.▒ ▒▒†▒▒ ▒...▒▒ ▒▒
.....▒.▒T▒▒ ..
▒▒▒.▒▒.▒▒g▒▒.▒▒▒▒
................
..▒.▒▒.▒▒£▒▒.▒▒▒.
▒▒▒▒......▒▒ ▒
▒.....! ..▒...▒ ▒
▒▒.▒ ▒.


You could see a gnoll.


Message History

The gnoll is heavily wounded!
The gnoll barely misses you!
The gnoll hits you from afar with a spear! * * * don't die
* * * You pound the gnoll like an anvil!
The gnoll is almost dead!
The gnoll hits you! * * * don't die
* * * The gnoll barely misses you!
You pound the gnoll like an anvil!!!
You annihilate the gnoll!!!
Trog roars: ANNIHILATED!
Your Fighting skill increases to level 3!!!
The gnoll hits you but does no damage! The gnoll closely misses you!
You see here a whip!
You crush the gnoll like a grape!
The gnoll is heavily wounded!
The gnoll hits you with a spear! * * * don't die
* * * You pound the gnoll but do no damage!
The gnoll is heavily wounded!
The gnoll hits you with a spear! * * * don't die
* * * The gnoll hits you with a spear! * * * don't die
* * * You flatten the gnoll like a pancake!
The gnoll is severely wounded!
The gnoll hits you with a spear!!! rip

Action                   || total
-------------------------++-------
Melee: Mace              ||   101
  Use: Scroll            ||     3
  Eat: Bread ration      ||     2
Armor: Animal skin       ||    38
Dodge: Dodged            ||    77

Vault maps used:
D:1:      lightli_arrival_boilingwater, serial_curves, eino_curves_02,
          eino_curves_02, eino_curves_02, eino_curves_01, nrook_mini_backslash
D:2:      overflow_temple_1_default, first_bread

Notes
Turn   | Place    | Note
--------------------------------------------------------------
     0 | D:1      | rlgrobin the Troll Berserker began the quest for the Orb.
     0 | D:1      | Reached XP level 1. HP: 22/22 MP: 0/0
   223 | D:1      | Reached XP level 2. HP: 20/29 MP: 1/1
   594 | D:1      | Reached skill level 3 in Maces & Flails
   610 | D:1      | Reached ** piety under Trog
  1262 | D:2      | Reached XP level 3. HP: 36/36 MP: 2/2
  1409 | D:2      | Reached skill level 3 in Fighting
  1413 | D:2      | Slain by a gnoll

Vanquished Creatures
  2 gnolls (D:2)
  A worm (D:2)
  A dart slug (D:1)
  3 giant cockroaches
  6 goblins (D:1)
  4 hobgoblins (D:1)
  7 kobolds
  2 bats (D:1)
  A giant newt (D:1)
  3 rats (D:1)
30 creatures vanquished.
